 Dungeon Crawl Stone Soup version 0.23.2-40-g277498a001 (webtiles) character file.

Game seed: 11526423502323876689

119 Descartes the Shield-Bearer (level 5, -1/42 HPs)
             Began as a Formicid Fighter on Aug 21, 2019.
             Killed by divine providence
             ... invoked by an orc priest
              (12 damage)
             ... on level 3 of the Dungeon.
             The game lasted 00:03:46 (1715 turns).

Descartes the Shield-Bearer (Formicid Fighter)      Turns: 1715, Time: 00:03:46

Health: -1/42      AC:  7    Str: 21    XL:     5   Next: 23%
Magic:  5/5        EV:  9    Int:  7    God:
Gold:   85         SH: 10    Dex: 11    Spells: 4/4 levels left

rFire    . . .     SeeInvis +   a - +0 war axe
rCold    . . .     Gourm    .   c - +0 shield
rNeg     . . .     Faith    .   b - +0 scale mail
rPois    .         Spirit   .   (helmet unavailable)
rElec    .         Reflect  .   (no cloak)
rCorr    .         Harm     .   (no gloves)
MR       .....                  (no boots)
Stlth    ..........             (no amulet)
HPRegen  0.14/turn              (no ring)
MPRegen  0.09/turn              (no ring)

@: lethally poisoned (-1 -> -5)
A: permanent stasis, dig shafts and tunnels, four strong arms, antennae 3
a: Dig, Shaft Self


You were on level 3 of the Dungeon.
You were not hungry.

You visited 1 branch of the dungeon, and saw 3 of its levels.

You collected 85 gold pieces.

Inventory:

Hand Weapons
 a - a +0 war axe (weapon)
Missiles
 e - 17 bolts
 l - 29 arrows
 o - 73 stones (quivered)
Armour
 b - a +0 scale mail (worn)
 c - a +0 shield (worn)
Scrolls
 h - 3 scrolls of identify {unknown}
 i - 2 scrolls of magic mapping {unknown}
 m - a scroll of fog {unknown}
 n - 2 scrolls of amnesia {unknown}
 p - 2 scrolls of teleportation {unknown}
 q - a scroll of remove curse {unknown}
Potions
 d - 2 potions of might
 j - a potion of mutation {unknown}
 k - a potion of flight {unknown}
 r - 3 potions of heal wounds {unknown}
 s - a potion of berserk rage {unknown}
Comestibles
 f - 4 rations
 g - 2 chunks of flesh


   Skills:
 + Level 3.9 Fighting
 + Level 2.7 Axes
 + Level 3.9 Armour
 + Level 1.3 Dodging
 * Level 4.8 Shields


You had 4 spell levels left.
You didn't know any spells.
Your spell library was empty.

Dungeon Overview and Level Annotations

Branches:
Dungeon (3/15)

Altars:
Okawaru
Uskayaw


Innate Abilities, Weirdness & Mutations

You cannot be hasted, slowed, berserked, paralysed or teleported.
You can dig through walls and to a lower floor.
Your four strong arms can wield two-handed weapons with a shield.
You have a pair of large antennae on your head. (SInv)


Message History

The adder poisons you! You block the orc priest's attack.
You block the adder's attack.
You closely miss the orc priest.
The orc priest is moderately wounded.
You miss the adder.
You feel sick. You block the orc priest's attack. The adder bites you.
* * * LOW HITPOINT WARNING * * *
The adder barely misses you.
You hit the orc but do no damage. You barely miss the adder.
The adder closely misses you. The orc hits you but does no damage.
The orc barely misses you.
Your shield prevents you from hitting the orc.
You barely miss the adder.
You feel sick. The adder bites you but does no damage.
The orc hits you but does no damage. The orc barely misses you.
You block the adder's attack.
Unknown command.
You feel sick. You block the adder's attack.
The orc priest mumbles some strange prayers to Beogh against you.
Beogh smites you!
You die...

........#.####......
..8.8.8...#.<..#
....[........### ##
.........##......# .#
.......#.##<####...#.# #
.....)_#..#.# .o.##...
.......#....# ###o....#
#...........#####.So.o..#
#.........#.....@.##......
#.8.8.8.......##### .....
#.............## ....
##.............# ...
#..........##.## ##
#..........##..##
#..........###รท.#
#..........# ##.########
............####...#....#


You could see an orc priest, an adder and 2 orcs.

Vanquished Creatures
  A worker ant (D:2)
  2 adders (D:2)
  A gnoll (D:2)
  5 leopard geckos
  An orc (D:2)
  A ball python (D:1)
  A giant cockroach (D:2)
  6 goblins
  11 hobgoblins
  8 jackals
  7 bats
  2 frilled lizards
  3 kobolds (D:2)
  7 rats
56 creatures vanquished.

Notes
Turn   | Place    | Note
-------+----------+-------------------------------------------
     0 | D:1      | Descartes the Formicid Fighter began the quest for the Orb.
     0 | D:1      | Reached XP level 1. HP: 18/18 MP: 1/1
   153 | D:1      | Reached XP level 2. HP: 20/24 MP: 2/2
   407 | D:1      | Reached skill level 4 in Shields
   756 | D:1      | Reached XP level 3. HP: 25/29 MP: 3/3
   986 | D:2      | Reached skill level 1 in Dodging
   986 | D:2      | Reached XP level 4. HP: 37/37 MP: 4/4
  1334 | D:2      | Reached XP level 5. HP: 42/42 MP: 5/5
  1368 | D:2      | Found an iron altar of Okawaru.
  1633 | D:3      | Found a hide-covered altar of Uskayaw.
  1715 | D:3      | Killed from afar by an orc priest

Skill      XL: |  1  2  3 |
---------------+----------+-----
Shields        | 4 |  4.8
Dodging        | 1 |  1.3
Fighting       | |  3.9
Axes           | |  2.7
Armour         | |  3.9

Action                   |  1- 3 |  4- 6 || total
-------------------------+-------+-------++-------
Melee: War axe           |    96 |    88 ||   184
  Eat: Chunk             |       |     3 ||     3
Armor: Scale mail        |    56 |    56 ||   112
Dodge: Dodged            |    34 |    51 ||    85
Block: Shield            |    54 |    67 ||   121
